 Dungeon Crawl Stone Soup version 0.30.1-11-g7821555f0a (webtiles) character file.

Game seed: 17585106275159265642

99 KittyFluff the Cudgeller (level 4, 0/43 HPs)
             Began as a Gargoyle Berserker on Nov 11, 2023.
             Was a Believer of Trog.
             Slain by an orc wizard
             ... wielding a +0 dagger
              (3 damage)
             ... on level 3 of the Dungeon.
             The game lasted 00:07:06 (2006 turns).

KittyFluff the Cudgeller (Gargoyle Berserker)       Turns: 2006, Time: 00:07:06

Health: 0/43       AC:  7    Str: 22    XL:     4   Next: 72%
Magic:  4/4        EV: 12    Int:  8    God:    Trog [**....]
Gold:   134        SH:  0    Dex:  9    Spells: 3/3 levels left

rFire   . . .        a - +0 mace
rCold   . . .        (no shield)
rNeg    + . .        g - +2 robe {Will+}
rPois   ∞            (no helmet)
rElec   +            (no cloak)
rCorr   .            (no gloves)
SInv    .            (no boots)
Will    +....        (no amulet) Stlth
                     (no ring)
HPRegen 0.27/turn    (no ring)
MPRegen 0.09/turn

%: no passive effects
@: berserking, very quick
A: sickness immunity, AC +3, negative energy resistance 1, electricity
resistance, torment resistance 1, petrification resistance
a: Renounce Religion, Berserk, Trog's Hand


You were on level 3 of the Dungeon.
You worshipped Trog.
Trog was pleased with you.
You visited 1 branch of the dungeon, and saw 3 of its levels.

You collected 134 gold pieces.

Inventory:

Hand Weapons
 a - a +0 mace (weapon)
 h - a +0 sling
Armour
 g - a +2 robe of willpower (worn)
 l - a +0 leather armour
Scrolls
 b - a scroll of blinking
 c - a scroll of silence {unknown}
 d - a scroll of fog {unknown}
 e - a scroll of enchant weapon {unknown}
 i - a scroll of poison {unknown}
Potions
 f - 3 potions of cancellation {unknown}
 j - a potion of might {unknown}
 k - 2 potions of curing {unknown}


   Skills:
 + Level 3.7 Fighting
 * Level 3.9 Maces & Flails
 * Level 3.2 Armour
 + Level 2.0 Dodging
 + Level 1.4 Stealth


You had 3 spell levels left.
You didn't know any spells.
Your spell library was empty.

Dungeon Overview and Level Annotations

Branches:
Dungeon (3/15)

Altars:


Innate Abilities, Weirdness & Mutations

You are immune to sickness and miasma.
Your stone body is resilient. (AC +3)
You are immune to poison.
You resist negative energy. (rN+)
You are resistant to electric shocks. (rElec)
You are resistant to unholy torment.
You are immune to petrification.


Message History

Things that are here:
a +0 mace; a +0 ring mail; an orc corpse You barely miss the orc wizard.
The orc wizard misses you. The orc closely misses you.
You miss the orc wizard. The orc wizard barely misses you.
The orc closely misses you.
You hit the orc wizard.
The orc wizard is moderately wounded.
The orc wizard gestures at you while chanting.
The magic dart hits you. The orc closely misses you.
The orc hits you from afar with a +0 trident.
* * * LOW HITPOINT WARNING * * *
The orc wizard hits you but does no damage.
You closely miss the orc wizard.
The orc wizard is moderately wounded.
The orc wizard hits you but does no damage.
The orc hits you from afar with a +0 trident.
* * * LOW HITPOINT WARNING * * *
You hit the orc wizard.
The orc wizard is heavily wounded.
The orc wizard hits you but does no damage.
The orc closely misses you.
You closely miss the orc wizard.
The orc wizard is heavily wounded.
The orc wizard hits you with a +0 dagger.
* * * LOW HITPOINT WARNING * * *
The orc barely misses you.
A red film seems to cover your vision as you go berserk!
You feel yourself moving faster!
You feel mighty!
The orc wizard hits you but does no damage.
The orc hits you from afar with a +0 trident.
* * * LOW HITPOINT WARNING * * *
You closely miss the orc wizard.
The orc wizard is heavily wounded.
The orc wizard hits you but does no damage.
The orc completely misses you.
You barely miss the orc wizard.
The orc wizard is heavily wounded.
The orc wizard hits you with a +0 dagger.
You die...

... .........#..##
#.####........#...
....#..>....#..#
.........).....####
..................#
#.###............### # .
...............#...#.#..#
#.............o###....#..
#####.........{o@........
###>...........###.#.....
................. .# ...
####............#### .
#..............
##..####..####.... ...#
#.## ###... .#######.#
###......#


You could see an orc wizard and an orc.

Vanquished Creatures
  Jessica (D:2)
  An orc wizard (D:3)
  4 orcs (D:3)
  5 ball pythons
  2 endoplasms
  3 giant cockroaches
  5 goblins
  5 hobgoblins (D:1)
  3 jackals (D:3)
  2 quokkas
  3 bats
  A frilled lizard (D:2)
  3 kobolds
  2 rats
40 creatures vanquished.

Notes
Turn   | Place    | Note
-------+----------+-------------------------------------------
     0 | D:1      | KittyFluff the Gargoyle Berserker began the quest for the
                  | Orb.
     0 | D:1      | Reached XP level 1. HP: 14/14 MP: 1/1
   191 | D:1      | Reached XP level 2. HP: 14/19 MP: 2/2
   878 | D:2      | Reached XP level 3. HP: 23/23 MP: 3/3
   908 | D:2      | Noticed Jessica
   921 | D:2      | Killed Jessica
   922 | D:2      | Reached skill level 1 in Stealth
  1298 | D:2      | Reached ** piety under Trog
  1616 | D:2      | Reached XP level 4. HP: 28/28 MP: 4/4
  2004 | D:3      | HP: 2/43 [orc/+0 trident (5)]
  2006 | D:3      | Slain by an orc wizard

Illustrated notes

Levels and vault maps discovered:
D:1:      ebering_trefoil_twist, layout_basic
D:2:      layout_loops_corners, minmay_misc_feat_doors, uniq_jessica
D:3:      layout_rooms, portal_sewer_entry_e

Skill      XL: |  1  2  3  4 |
---------------+-------------+-----
Armour         | 3 |  3.2
Stealth        | 1 |  1.4
Dodging        | 2 |  2.0
Fighting       | |  3.7
Maces & Flails | |  3.9

Action                     |  1- 3 |  4- 6 || total
---------------------------+-------+-------++-------
  Melee: Mace              |    77 |    60 ||   137
         Punch             |       |     1 ||     1
 Invoke: Berserk           |       |     1 ||     1
    Use: Scroll            |       |     1 ||     1
   Stab: Sleeping          |       |     2 ||     2
 Armour: Animal skin       |    21 |       ||    21
         Robe              |    11 |    44 ||    55
  Dodge: Dodged            |    60 |    64 ||   124
